AoeStats
← GreatPerson25

Arabian Desert

508557365Analyzed
1v1 RM · 8d ago on Sep 23, 2026· 53m 46s· 2 players
Game mode
Random Map
Map size
Tiny (2 player)
Population
200
Speed
Normal
Resources
Standard
Victory
Conquest
Starting age
Dark Age
Ending age
Imperial Age
RankedLock teamsTeams togetherTeam positionsShared explorationLock speedFull tech treeHidden civsTurbo modeCheats
Victory
Defeat
🇺🇸 Burgundians · United States
1634
+18
🇲🇽 Armenians · Mexico
1673
-18
GreatPerson25
4:56 Double-Bit Axe
6:44 Loom
9:29 Feudal Age
11:03 Bow Saw
12:32 Town Watch
14:22 Horse Collar
15:29 Fletching
18:52 Wheelbarrow
23:52 Castle Age
24:35 Castle Age
23:29 Gold Mining
23:41 Heavy Plow
25:16 Cavalier
26:02 Scale Barding Armor
30:41 Bodkin Arrow
31:34 Chain Barding Armor
36:38 Husbandry
40:47 Imperial Age
38:50 Forging
40:49 Paladin
42:05 Plate Barding Armor
42:36 Chemistry
42:25 Iron Casting
43:16 Hand Cart
46:18 Masonry
50:56 Plate Barding Armor
51:23 Blast Furnace
51:21 Conscription
53:17 Burgundian Vineyards
hK | TwisteR
7:31 Loom
12:25 Feudal Age
13:02 Town Watch
17:20 Castle Age
15:40 Padded Archer Armor
16:05 Fletching
16:50 Double-Bit Axe
17:41 Crossbowman
21:35 Bodkin Arrow
23:58 Leather Archer Armor
26:44 Forging
25:57 Pikeman
27:05 Stone Mining
27:30 Bow Saw
29:02 Halberdier
30:05 Squires
35:26 Wheelbarrow
38:44 Town Watch
39:53 Ballistics
43:40 Imperial Age
41:53 Hand Cart
42:32 Iron Casting
43:35 Scale Mail Armor
44:43 Conscription
45:36 Chemistry
44:37 Bracer
Connection lost

Rejoining the realm…

Still unreachable

The connection could not be restored.

Session expired

The server has moved on; the page needs a fresh start.